 Dungeon Crawl Stone Soup version 0.18.1-50-g88ac8fd (webtiles) character file.

417 go0n the Ruffian (level 6, -3/65 HPs)
             Began as a Troll Berserker on Sept 16, 2016.
             Was a Priest of Trog.
             Slain by a gnoll
             ... wielding a +1 halberd of distortion
              (9 damage)
             ... on level 4 of the Dungeon.
             The game lasted 00:11:10 (2361 turns).

go0n the Ruffian (Troll Berserker)                  Turns: 2361, Time: 00:11:11

Health: -3/65      AC:  5    Str: 27    XL:     6   Next: 61%
Magic:  5/5        EV: 10    Int:  3    God:    Trog [***...]
Gold:   201        SH:  0    Dex: 10    Spells: 0 memorised, 5 levels left

rFire  . . .     SeeInvis .       - Unarmed
rCold  . . .     Gourm    +     a - +0 animal skin
rNeg   . . .     Faith    .     (no shield)
rPois  .         Spirit   .     (helmet restricted)
rElec  .         Dismiss  .     (no cloak)
rCorr  .         Reflect  .     (gloves unavailable)
SustAt .         Harm     .     (boots unavailable)
MR     .....                    (no amulet)
Stlth  +.........               (no ring)
                                (no ring)

@: about to teleport, not resistant to hostile enchantments, very unstealthy
A: unfitting armour, claws 3, fast metabolism 3, gourmand, regeneration 2,
shaggy fur 1, tough skin 2
a: Berserk, Trog's Hand, Burn Spellbooks, Renounce Religion


You were on level 4 of the Dungeon.
You worshipped Trog.
Trog was most pleased with you.
You were very full.

You visited 1 branch of the dungeon, and saw 4 of its levels.

You collected 201 gold pieces.

Inventory:

Missiles
 m - 53 poisoned needles
Armour
 a - a +0 animal skin (worn)
 n - a +0 robe
Scrolls
 c - 2 scrolls of immolation
 e - 2 scrolls of identify
 h - a scroll of magic mapping
 i - a scroll of blinking {unknown}
Potions
 d - a potion of curing
 f - 3 potions of agility
 j - a potion of resistance
 k - 2 potions of degeneration
 l - a potion of lignification {unknown}
Comestibles
 b - 4 bread rations
 g - 5 chunks of flesh


   Skills:
 + Level 4.8 Fighting
 - Level 2.4 Dodging
 + Level 5.6 Unarmed Combat


You had 5 spell levels left.
You didn't know any spells.

Dungeon Overview and Level Annotations

Branches:
Dungeon (4/15)
 Temple: D:4-7

Altars:
Pakellas

Shops:
D:4 [


Innate Abilities, Weirdness & Mutations

You are too large for most types of armour.
You have claws for hands.
Your metabolism is lightning-fast.
You like to eat raw meat.
You heal very quickly.
You are covered in fur (AC +1).
You have very tough skin (AC +2).


Message History

You scratch the gnoll. Your claw misses the gnoll.
The gnoll is moderately wounded.
The gnoll hits you but does no damage.
You scratch the gnoll.
The gnoll is severely wounded.
The gnoll hits you from afar with a spear.
The gnoll hits you with a halberd of distortion.
* * * LOW HITPOINT WARNING * * *
You feel strangely unstable. The gnoll hits you but does no damage.
You barely miss the gnoll. You claw the gnoll.
You kill the gnoll!
Trog accepts your kill. The gnoll hits you but does no damage.
The gnoll hits you with a halberd of distortion.
* * * LOW HITPOINT WARNING * * *
Space warps horribly around you!
* * * LOW HITPOINT WARNING * * *
Unknown command.
The gnoll hits you with a halberd of distortion!
You die...

...8..#.g......
#.(.......#
..>...#Og.g....
#.........#
.......)gg.....
#..)......#
........#######
#.........#
.....<..#
###.....<...#
........#
#g..........#
........#
#)###########
........# #####g#
#####...#
##...g@####
......#.........#
..........#......#
.........#.#.....#
.......#...#....#
......#.._..#..##
.....#.......#..#
....###########.#
....


You could see 3 gnolls.

Vanquished Creatures
  The ghost of nikopol the Skirmisher, an amateur GrBe of Trog (D:3)
  A giant frog zombie (D:3)
  A gnoll shaman (D:4)
  Jessica (D:2)
  Robin (D:4)
  6 gnolls
  4 adders
  2 oozes
  4 worms
  2 dart slugs
  4 giant geckos
  An orc (D:3)
  3 giant cockroaches
  13 goblins
  10 hobgoblins
  6 jackals
  5 kobolds
  A quokka (D:2)
  7 bats
  7 giant newts
  A quokka skeleton (D:4)
  7 rats
88 creatures vanquished.

Notes
Turn   | Place    | Note
--------------------------------------------------------------
     0 | D:1      | go0n the Troll Berserker began the quest for the Orb.
     0 | D:1      | Reached XP level 1. HP: 22/22 MP: 0/0
   138 | D:1      | Reached XP level 2. HP: 29/29 MP: 1/1
   504 | D:1      | Reached XP level 3. HP: 37/37 MP: 2/2
   547 | D:2      | Reached ** piety under Trog
   548 | D:2      | Found a faded altar to an unknown god.
   721 | D:2      | Reached skill level 4 in Unarmed Combat
   728 | D:2      | Reached XP level 4. HP: 21/45 MP: 3/3
  1012 | D:2      | Noticed Jessica
  1032 | D:2      | Killed Jessica
  1429 | D:2      | Reached XP level 5. HP: 50/54 MP: 4/4
  1801 | D:3      | Noticed nikopol's ghost (amateur GrBe)
  1824 | D:3      | Killed nikopol's ghost
  1824 | D:3      | Reached skill level 5 in Unarmed Combat
  1824 | D:3      | Reached XP level 6. HP: 30/63 MP: 5/5
  2148 | D:4      | Found Boliloo's Armour Shop.
  2199 | D:4      | Noticed Robin
  2221 | D:4      | Killed Robin
  2224 | D:4      | Reached *** piety under Trog
  2347 | D:4      | Found an oddly glowing altar of Pakellas.
  2361 | D:4      | Slain by a gnoll

Skill      XL: |  1  2  3  4  5 |
---------------+----------------+-----
Fighting       | 3 4 |  4.8
Unarmed Combat | 4 5 |  5.6
Dodging        | |  2.4

Action                   |  1- 3 |  4- 6 || total
-------------------------+-------+-------++-------
Melee: Unarmed           |    81 |   161 ||   242
       Punch             |       |     1 ||     1
Invok: Trog's Hand       |     1 |     2 ||     3
       Berserk           |     1 |     1 ||     2
  Use: Scroll            |       |     6 ||     6
       Potion            |       |     3 ||     3
  Eat: Chunk             |     4 |    18 ||    22
       Meat ration       |       |     1 ||     1
       Royal jelly       |       |     1 ||     1
Armor: Animal skin       |    33 |    58 ||    91
Dodge: Dodged            |    61 |    92 ||   153
